 Dungeon Sprint DCSS version 0.32-a0-683-ge26c5dbc97 (webtiles) character file.

Game seed: 8268611903881931775

6412 Revguard the Fighter (level 10, -6/119 HPs)
             Began as a Troll Monk on Mar 12, 2024.
             Was the Champion of Wu Jian.
             Mangled by a rockslime (10 damage)
             ... in the Dungeon (Sprint V: "Ziggurat Sprint").
             The game lasted 00:07:09 (512 turns).

Revguard the Fighter (Troll Monk)                    Turns: 512, Time: 00:07:10

Health: -6/119     AC: 14    Str: 29    XL:     10   Next: 66%
Magic:  9/9        EV: 26    Int:  6    God:    Wu Jian [******]
Gold:   0          SH:  0    Dex: 14    Spells: 9/9 levels left

rFire   + + .        d - +7 great mace "Firestarter" {flame, immolate, rFlCloud rF++}
rCold   . . .        (shield currently unavailable)
rNeg    . . .        k - +5 shadow dragon scales
rPois   .            (helmet restricted)
rElec   .            (no cloak)
rCorr   .            (gloves unavailable)
SInv    .            (boots unavailable)
Will    .....        (no amulet)
Stlth   +            B - +6 ring of strength
HPRegen 1.19/turn    F - +5 ring of evasion
MPRegen 0.11/turn

%: no teleportation
@: corroded, in a heavenly storm, glowing, studying Armour
A: large, unfitting armour, claws 3, regeneration 1, shaggy fur 1, tough skin 1,
inability to drink after injury 1
a: Renounce Religion, Wall Jump, Serpent's Lash, Heavenly Storm


You were in the Dungeon.
You worshipped Wu Jian.
Wu Jian was exalted by your worship.
You visited 1 branch

Inventory:

Hand Weapons
 a - a +0 mace
 d - the +7 great mace "Firestarter" (weapon) {flame, immolate, rFlCloud rF++}
   (You found it in the Dungeon)

   rFlCloud:  It grants immunity to clouds of flame.
   rF++:      It greatly protects you from fire.
Armour
 b - a +0 robe
 k - +5 shadow dragon scales (worn)
Jewellery
 w - a ring of flight
 x - a +6 ring of dexterity
 y - a +6 ring of dexterity
 z - a +6 ring of intelligence
 A - a +6 ring of intelligence
 B - a +6 ring of strength (left claw)
 C - a +6 ring of strength
 E - a ring of willpower
 F - a +5 ring of evasion (right claw)
 H - a +6 ring of intelligence
 J - the ring of Avucreum {rElec rF- Will++ MP+9 Stlth+}
   (You found it in the Dungeon)

   [ring of magical power]

   rF-:       It makes you vulnerable to fire.
   rElec:     It insulates you from electricity.
   Will++:    It greatly increases your willpower.
   MP+9:      It affects your magic capacity (+9).
   Stlth+:    It makes you more stealthy.
Wands
 o - a wand of charming (10)
 u - a wand of mindburst (7)
 v - a wand of light (15)
 D - a wand of flame (25)
 G - a wand of warping (8)
Scrolls
 j - 3 scrolls of blinking
 q - 4 scrolls of amnesia
 r - 7 scrolls of fog
 s - 5 scrolls of identify
 t - 2 scrolls of fear
 I - a scroll of brand weapon
Potions
 c - a potion of ambrosia
 e - 9 potions of curing
 f - 18 potions of heal wounds
 g - 6 potions of haste
 h - 7 potions of magic
 i - 3 potions of berserk rage
 l - 2 potions of brilliance
 m - 2 potions of invisibility
 n - 4 potions of resistance
 p - 5 potions of might


   Skills:
 * Level 13.1 Fighting
 + Level 10.4 Maces & Flails
 + Level 9.1 Armour
 + Level 9.3 Dodging
 + Level 8.0 Evocations


You had 9 spell levels left.
You didn't know any spells.
Your spell library contained the following spells:

 Spells                   Type           Power      Damage    Failure   Level
 Foxfire                  Conj/Fire      0%         2x1d4     91%         1
 Shock                    Conj/Air       0%         1d3       91%         1
 Slow                     Hex            0%         N/A       91%         1
 Call Imp                 Summ           0%         N/A       97%         2
 Cigotuvi's Dreadful Rot  Necr/Alch/Air  0%         N/A       97%         2
 Jinxbite                 Hex            0%         N/A       97%         2
 Dazzling Flash           Conj/Hex       0%         N/A       99%         3
 Volatile Blastmotes      Fire/Tloc      0%         2d10      99%         3
 Dimensional Bullseye     Hex/Tloc       0%         N/A       100%        4
 Ignite Poison            Fire/Alch      0%         N/A       100%        4
 Manifold Assault         Tloc           0%         N/A       100%        4
 Petrify                  Alch/Erth      0%         N/A       100%        4
 Sticky Flame             Fire/Alch      0%         2d4       100%        4
 Freezing Cloud           Conj/Ice/Air   0%         6-21      100%        5
 Metabolic Englaciation   Hex/Ice        0%         N/A       100%        5
 Summon Forest            Summ/Tloc      0%         N/A       100%        5
 Summon Mana Viper        Hex/Summ       0%         N/A       100%        5
 Yara's Violent Unravell  Hex/Alch       0%         3d3       100%        5
 Bombard                  Conj/Erth      0%         9d1       100%        6
 Starburst                Conj/Fire      0%         6d3       100%        6
 Summon Cactus Giant      Summ           0%         N/A       100%        6
 Enfeeble                 Hex            0%         N/A       100%        7
 Haunt                    Necr/Summ      0%         N/A       100%        7
 Discord                  Hex            0%         N/A       100%        8
 Ignition                 Fire           0%         3d3       100%        8
 Maxwell's Capacitive Co  Air            0%         ∞         100%        8


Dungeon Overview and Level Annotations

Branches:
Dungeon (1/1)

Altars:
Ashenzari
Cheibriados
Dithmenos
Elyvilon
Fedhas
Gozag
Hepliaklqana
Kikubaaqudgha
Makhleb
Nemelex Xobeh
Okawaru
Qazlal
Ru
Sif Muna
Trog
Uskayaw
Vehumet
Wu Jian
Xom
Yredelemnul
Zin
The Shining One
Beogh
Jiyva
Lugonu

Annotations:
D 1 transporter


Innate Abilities, Weirdness & Mutations

You are too large for most types of armour.
You have claws for hands.
Your natural rate of healing is unusually fast.
You are covered in fur. (AC +1)
You have tough skin. (AC +1)
You occasionally lose the ability to drink potions when taking damage.


Message History

You repeatedly attack the very large slime creature from above.
You bludgeon the very large slime creature!!
You burn the very large slime creature!
The very large slime creature is filled with an inner flame.
The very large slime creature is moderately wounded.
You beat the very large slime creature like a drum!!!
Flame seeps out of the very large slime creature.
You burn the very large slime creature!
Flame seeps out of the very large slime creature.
The very large slime creature is heavily wounded.
You repeatedly attack the golden eye from above.
You beat the golden eye like a drum!!!
You burn the golden eye.
You kill the golden eye!
The Council accepts your kill.
You repeatedly attack the slime creature from above.
You hit the slime creature. You burn the slime creature.
The slime creature is filled with an inner flame.
The slime creature is lightly wounded.
You bludgeon the slime creature!!
Flame seeps out of the slime creature.
You burn the slime creature!
Flame seeps out of the slime creature.
The slime creature is severely wounded.
You repeatedly attack the shining eye from above.
You bludgeon the shining eye!!
Flame seeps out of the shining eye.
You burn the shining eye!
Flame seeps out of the shining eye.
The shining eye is almost dead.
You bludgeon the shining eye!! You burn the shining eye.
The Council accepts your kill.
The shining eye explodes!
The fiery explosion engulfs the very large slime creature!!
Flame seeps out of the very large slime creature.
The very large slime creature is severely wounded.
The fiery explosion engulfs you! You resist.
* * * LOW HITPOINT WARNING * * *
The slime creature completely misses you.
The acid blob hits you!!
* * * LOW HITPOINT WARNING * * *
The acid corrodes you!
You are splashed with acid!
* * * LOW HITPOINT WARNING * * *
The rockslime hits you!
You die...

▓..○)°○°○.▓.......▓
▓..○○§○○..▓.......▓
▓..☼§§§§..▓.......▓
▓.........▓.......▓
▓....©....▓...©...▓
▓▓▓▓▓▓▓▓▓▓▓▓▓▓▓▓▓▓▓▓▓
▓○°§ß§ß...▓..☼ß○ß..°▓
▓°§J°§§:..▓..§[○○§.○▓
▓☼JJ@§§:..▓....☼○☼..▓
▓☼°JJ§§...▓..☼°☼☼☼○.▓
▓○§☼J§§...▓...☼○§.☼.▓
▓.........▓.....†...▓
▓.........▓.........▓
▓.........▓.▓.....▓.▓
▓.▓.....▓.▓....©....▓
▓. ..©....▓▓▓▓▓▓▓▓▓▓▓
▓ ▓▓▓▓▓▓▓


You could see an acid blob, a very large slime creature (inner flame), a slime
creature (inner flame), a rockslime (inner flame) and 2 jellies.

Vanquished Creatures
  4 two-headed ogres (D)
  A shining eye (D)
  A cane toad (D)
  A black mamba (D)
  A large abomination (D)
  A troll (D)
  A jumping spider (D)
  2 spriggans (D)
  A wyvern (shapeshifter) (D)
  A human (shapeshifter) (D)
  2 yaks (D)
  A golden eye (D)
  A naga (D)
  A small abomination (D)
  5 water moccasins (D)
  3 hell hounds (D)
  A black bear (shapeshifter) (D)
  3 ogres (D)
  2 phantoms (D)
  A weeping skull (D)
  3 scorpions (D)
  A bullfrog (D)
  A crimson imp (D)
  An iron imp (D)
  2 river rats (D)
  2 white imps (D)
  2 adder zombies (D)
  A bat zombie (D)
  2 ball pythons (D)
  A giant cockroach zombie (D)
  2 jackal skeletons (D)
  2 quokka skeletons (D)
  A fire vortex (D)
55 creatures vanquished.

Vanquished Creatures (others)
  A fire vortex (D)
1 creature vanquished.

Grand Total: 56 creatures vanquished

Notes
Turn   | Place    | Note
-------+----------+-------------------------------------------
     0 | D        | Revguard the Troll Monk began the quest for the Orb.
     0 | D        | Reached XP level 1. HP: 22/22 MP: 0/0
     3 | D        | Found a blossoming altar of Fedhas.
     3 | D        | Found the +6 Majin-Bo {spellvamp, MP+6 Int+6}
     3 | D        | Found the +27 heavy crossbow "Sniper" {heavy, Acc+∞ SInv}
     3 | D        | Found the +10 dark maul {heavy}
     3 | D        | Found the +15 Maxwell's patent armour {-Cast -Tele rElec
                  | Will+ rCorr}
     3 | D        | Found the +18 shield of the Gong {Loud rN+ Will+ rCorr
                  | EV-5}
     3 | D        | Found the +16 obsidian axe {drain, demonic, Mesm ^Drain Fly
                  | SInv}
     3 | D        | Found the +7 great mace "Firestarter" {flame, immolate,
                  | rFlCloud rF++}
     3 | D        | Found the +6 shillelagh "Devastator" {shatter}
     3 | D        | Found the +11 plutonium sword {^Contam Stlth-}
     3 | D        | Found the +8 lance "Wyrmbane" {slay drac, rPois rF+ rC+
                  | AC+3}
     3 | D        | Found the +9 sword of Zonguldrok {reap}
     3 | D        | Found the +13 scythe of Curses {drain, curses, ^Drain}
     3 | D        | Found the +9 sword of Power {lifebolt}
     3 | D        | Found the +7 mace of Variability {chaos, chaos arc}
     3 | D        | Found the +11 Singing Sword {sonic wave}
     3 | D        | Found the +8 storm bow {elec, penet}
    18 | D        | Found a shimmering blue altar of Sif Muna.
    18 | D        | Found a bloodstained altar of Trog.
    18 | D        | Found a sacrificial altar of Ru.
    18 | D        | Found a stormy altar of Qazlal.
    18 | D        | Found an iron altar of Okawaru.
    19 | D        | Found a sparkling altar of Nemelex Xobeh.
    21 | D        | Found a transporter.
    21 | D        | Found an ancient bone altar of Kikubaaqudgha.
    21 | D        | Found a viscous altar of Jiyva.
    21 | D        | Found a corrupted altar of Lugonu.
    21 | D        | Found a hazy altar of Hepliaklqana.
    21 | D        | Found a burning altar of Makhleb.
    21 | D        | Found an opulent altar of Gozag.
    68 | D        | Became a worshipper of the Wu Jian Council
    68 | D        | Reached * piety under Wu Jian
    68 | D        | Reached ** piety under Wu Jian
    70 | D        | Reached skill level 4 in Fighting
    70 | D        | Reached skill level 1 in Evocations
    70 | D        | Reached XP level 2. HP: 33/33 MP: 1/1
    82 | D        | Entered arena 2.
    82 | D        | Noticed a spriggan
    82 | D        | Noticed a spriggan
    82 | D        | Found a transporter.
    88 | D        | Killed a spriggan
    88 | D        | Killed a spriggan
    89 | D        | Reached skill level 7 in Fighting
    89 | D        | Reached skill level 5 in Maces & Flails
    89 | D        | Reached skill level 5 in Dodging
    89 | D        | Reached XP level 3. HP: 35/46 MP: 2/2
    89 | D        | Reached XP level 4. HP: 42/55 MP: 3/3
    89 | D        | Reached XP level 5. HP: 47/62 MP: 4/4
    89 | D        | Reached XP level 6. HP: 54/71 MP: 5/5
   104 | D        | Entered arena 3.
   104 | D        | Noticed a wyvern
   104 | D        | Noticed a human
   104 | D        | Found a transporter.
   109 | D        | Killed a human
   109 | D        | Reached *** piety under Wu Jian
   109 | D        | Killed a wyvern
   110 | D        | Reached skill level 8 in Fighting
   110 | D        | Reached skill level 5 in Armour
   110 | D        | Reached XP level 7. HP: 64/81 MP: 6/6
   226 | D        | Entered arena 4.
   226 | D        | Noticed a jumping spider
   226 | D        | Found a transporter.
   231 | D        | Reached skill level 5 in Evocations
   231 | D        | Killed a jumping spider
   231 | D        | Reached **** piety under Wu Jian
   232 | D        | Reached skill level 9 in Fighting
   233 | D        | Reached XP level 8. HP: 65/92 MP: 7/7
   235 | D        | Got the Atlas of the Fairies and Anemomancy
   256 | D        | Entered arena 5.
   256 | D        | Found a transporter.
   271 | D        | Got the Volume of Subspace
   277 | D        | Entered arena 6.
   277 | D        | Found a transporter.
   284 | D        | Reached ***** piety under Wu Jian
   318 | D        | Entered arena 7.
   318 | D        | Noticed a cane toad
   319 | D        | Found a transporter.
   323 | D        | Killed a cane toad
   324 | D        | Reached skill level 10 in Fighting
   324 | D        | Reached XP level 9. HP: 75/102 MP: 8/8
   336 | D        | Got the Codex of the Felsic Union
   355 | D        | Entered arena 8.
   355 | D        | Noticed a large abomination
   356 | D        | Found a transporter.
   361 | D        | Reached ****** piety under Wu Jian
   365 | D        | Killed a large abomination
   366 | D        | Reached skill level 11 in Fighting
   428 | D        | Entered arena 9.
   429 | D        | Found a transporter.
   450 | D        | Entered arena 10.
   450 | D        | Noticed a two-headed ogre
   450 | D        | Noticed a two-headed ogre
   450 | D        | Noticed a two-headed ogre
   450 | D        | Noticed a troll
   450 | D        | Noticed a two-headed ogre
   451 | D        | Found a transporter.
   454 | D        | Killed a two-headed ogre
   455 | D        | Killed a two-headed ogre
   455 | D        | Killed a two-headed ogre
   456 | D        | Reached skill level 12 in Fighting
   456 | D        | Reached XP level 10. HP: 110/117 MP: 9/9
   459 | D        | Killed a two-headed ogre
   460 | D        | Reached skill level 10 in Maces & Flails
   462 | D        | Got Cyefrukh's Codex of Supportive Enchantment
   475 | D        | Entered arena 11.
   475 | D        | Noticed a black mamba
   476 | D        | Found a transporter.
   484 | D        | Killed a black mamba
   485 | D        | Reached skill level 13 in Fighting
   494 | D        | Got the ring of Avucreum {rElec rF- Will++ MP+9 Stlth+}
   496 | D        | Got the Compendium of the Faeries and Fire
   499 | D        | Entered arena 12.
   499 | D        | Noticed a rockslime
   500 | D        | Noticed an acid blob
   500 | D        | Noticed a shining eye
   501 | D        | Found a transporter.
   507 | D        | Gained mutation: You occasionally lose the ability to drink
                  | potions when taking damage. [a shining eye]
   512 | D        | Killed a shining eye
   512 | D        | HP: 4/119 [acid (8)]
   512 | D        | Mangled by a rockslime

Illustrated notes

Levels and vault maps discovered:
D:        sprint_v [room_start, room_1, room_2, room_3, room_4, room_5, room_6,
          room_7, room_8, room_9, room_10, room_11, room_12, room_13, room_14,
          room_15, room_16, room_17, room_18, room_19, room_20, room_21,
          room_22, room_23, room_24, room_25, room_26, room_27]

Skill      XL: |  1  2  3  4  5  6  7  8  9 10 |
---------------+-------------------------------+-----
Fighting       | 4 7 8 9 10 12 13 | 13.1
Maces & Flails | 3 5 6 7 8 9 10 | 10.4
Armour         | 2 4 5 6 7 8 9 |  9.1
Dodging        | 3 5 6 7 8 9 |  9.3
Evocations     | 1 4 5 6 7 8 |  8.0

Action                     |  1- 3 |  4- 6 |  7- 9 | 10-12 || total
---------------------------+-------+-------+-------+-------++-------
  Melee: Great mace        |     7 |     6 |    63 |    33 ||   109
 Invoke: Serpent's Lash    |       |       |     1 |       ||     1
         Heavenly Storm    |       |       |     1 |       ||     1
Ability: Whirlwind         |     6 |     5 |    41 |    20 ||    72
         Lunge             |       |     1 |     5 |     3 ||     9
         Wall Jump         |       |       |     1 |     1 ||     2
  Evoke: Wand              |       |       |     1 |       ||     1
    Use: Potion            |     1 |       |       |     1 ||     2
         Scroll            |       |       |     1 |       ||     1
   Stab: Sleeping          |       |     1 |       |       ||     1
 Armour: Shadow dragon sca |     8 |     5 |    60 |    18 ||    91
  Dodge: Dodged            |     1 |     2 |    28 |    34 ||    65

Table legend: (Time is in decaauts)
 A = Elapsed time spent in this place.
 B = Non-inter-level travel time spent in this place.
 C = Inter-level travel time spent in this place.
 D = Time resting spent in this place.
 E = Time spent auto-exploring this place.
 F = Levels seen in this place.
 G = Mean time per level.
                   A        B        C        D        E       F      G
               +--------+--------+--------+--------+--------+-----+--------+
         Total |    515 |    515 |      0 |    200 |      0 |   1 |  515.0 |
       Dungeon |    515 |    515 |      0 |    200 |      0 |   1 |  515.0 |
               +--------+--------+--------+--------+--------+-----+--------+

Top non-repeatable levels by time:
       D: 515 daAuts
